 Dungeon Crawl Stone Soup version 0.31-a0-854-g362426d53f (webtiles) character file.

Game seed: 9270387592161041628

31 Dirtsage the Ruffian (level 3, 0/23 HPs)
             Began as an Octopode Shapeshifter on Oct 8, 2023.
             Slain by a gnoll
             ... wielding a +0 spear
              (8 damage)
             ... on level 2 of the Dungeon.
             The game lasted 00:01:39 (922 turns).

Dirtsage the Ruffian (Octopode Shapeshifter)         Turns: 922, Time: 00:01:39

Health: 0/23       AC:  1    Str: 15    XL:     3   Next: 22%
Magic:  3/3        EV: 13    Int: 12    God:
Gold:   41         SH:  0    Dex: 11    Spells: 2/2 levels left

rFire   . .          .
                       - Unarmed
rCold   . . .        (no shield)
rNeg    . . .        (helmet currently unavailable)
rPois   .            (no amulet)
rElec   .            (no ring)
rCorr   .            (no ring)
SInv    .            (no ring)
Will    .....        (no ring)
Stlth   ++           (no ring)
HPRegen 0.23/turn    (no ring)
MPRegen 0.08/turn    (no ring)
                     (no ring)

%: no passive effects
@: beast-form
A: beast (slay +1), almost no armour, amphibious, 8 rings, camouflage 1,
gelatinous body 1, (nimble swimmer 1), tentacles
a: Begin Untransformation


You were on level 2 of the Dungeon.
You were a hulking beast.
You visited 1 branch of the dungeon, and saw 2 of its levels.

You collected 41 gold pieces.

Inventory:

Talismans
 b - a beast talisman (active)
 c - a flux talisman
Scrolls
 d - a scroll of enchant armour {unknown}
 f - a scroll of fog {unknown}
 h - a scroll of teleportation {unknown}
Potions
 a - a potion of lignification
 e - a potion of heal wounds {unknown}
 g - a potion of mutation {unknown}
 i - a potion of resistance {unknown}


   Skills:
 - Level 1.0 Fighting
 - Level 2.0 Dodging
 * Level 3.8 Unarmed Combat
 + Level 3.3 Shapeshifting


You had 2 spell levels left.
You didn't know any spells.
Your spell library was empty.

Dungeon Overview and Level Annotations

Branches:
Dungeon (2/15)

Altars:

Shops:
D:1 [


Innate Abilities, Weirdness & Mutations

You are a hulking beast.
Your limbs bulge with bestial killing power. (Slay +1)
You cannot wear most types of armour.
You are amphibious.
You can wear up to eight rings at the same time.
Your skin changes colour to match your surroundings (Stealth+).
Your rubbery body absorbs attacks. (AC +1, EV +1)
((You are camouflaged when in or above water. (Stealth+)))
You have tentacles for arms and can constrict up to eight enemies at once.


Message History

You take 1 damage, and have 11/23 hp.
A ball python comes into view.
You regained 2 hp, and now have 13/23 hp.
A ball python is nearby!
You regained 7 hp, and now have 21/23 hp.
You bludgeon the ball python!
You kill the ball python!
HP restored.
i - a cyan potion Health restored: 23 A hobgoblin comes into view.
The hobgoblin shouts!
The hobgoblin closely misses you.
You closely miss the hobgoblin. Your grab misses the hobgoblin.
The hobgoblin completely misses you.
You tentacle-slap the hobgoblin. You grab the hobgoblin.
The hobgoblin is almost dead.
You constrict the hobgoblin.
You kill the hobgoblin!
You open the door.
There is an open door here.
A hobgoblin comes into view.
The hobgoblin shouts!
A hobgoblin is nearby!
The hobgoblin misses you.
You tentacle-slap the hobgoblin.
You kill the hobgoblin!
You see here a +0 orcbow.
Found an escape hatch in the floor.
A gnoll comes into view. It is wielding a +0 spear.
The gnoll hits you with a +0 spear!
You take 9 damage, and have 14/23 hp.
MASSIVE DAMAGE!!
You tentacle-slap the gnoll. You grab the gnoll. You squeeze the gnoll.
The gnoll is heavily wounded.
You constrict the gnoll. The gnoll hits you with a +0 spear.
You take 6 damage, and have 8/23 hp.
MASSIVE DAMAGE!!
You tentacle-slap the gnoll but do no damage.
The gnoll is heavily wounded.
You constrict the gnoll. The gnoll hits you with a +0 spear!
You die...

### ####### #########
########..
.......##.......###......#.#
..........gh.............#'#
............................
.............#..............
.............#>.............
....(.............##........
............................
#...........................
#...........................
..............##........


You could see a gnoll.

Vanquished Creatures
  An adder (D:2)
  2 bats (D:1)
  2 endoplasms (D:1)
  A giant cockroach (D:1)
  2 goblins
  2 hobgoblins (D:2)
  2 kobolds (D:1)
  A quokka (D:2)
  4 ball pythons
  2 frilled lizards
  2 rats (D:1)
21 creatures vanquished.

Notes
Turn   | Place    | Note
-------+----------+-------------------------------------------
     0 | D:1      | Dirtsage the Octopode Shapeshifter began the quest for the
                  | Orb.
     0 | D:1      | Reached XP level 1. HP: 13/13 MP: 1/1
    75 | D:1      | Found Monobrom's Armour Boutique.
   241 | D:1      | Reached XP level 2. HP: 18/18 MP: 2/2
   780 | D:2      | Reached XP level 3. HP: 13/23 MP: 3/3
   922 | D:2      | Slain by a gnoll

Illustrated notes

Levels and vault maps discovered:
D:1:      evilmike_arrival_hilbert_curve, layout_loops_ring, serial_shops, shop
D:2:      layout_basic, serial_shops, nicolae_lakefront_shop, basic_altar,
          nicolae_houndstooth_variations

Action                     || total
---------------------------++-------
  Melee: Unarmed           ||    34
         Constrict         ||     7
         Tentacles         ||     8
   Stab: Sleeping          ||     2
 Armour: Skin              ||    11
  Dodge: Dodged            ||    15

Table legend: (Time is in decaauts)
 A = Elapsed time spent in this place.
 B = Non-inter-level travel time spent in this place.
 C = Inter-level travel time spent in this place.
 D = Time resting spent in this place.
 E = Time spent auto-exploring this place.
 F = Levels seen in this place.
 G = Mean time per level.
                   A        B        C        D        E       F      G
               +--------+--------+--------+--------+--------+-----+--------+
         Total |    919 |    887 |     32 |      0 |    732 |   2 |  459.5 |
       Dungeon |    919 |    887 |     32 |      0 |    732 |   2 |  459.5 |
               +--------+--------+--------+--------+--------+-----+--------+

Top non-repeatable levels by time:
     D:1: 695 daAuts
     D:2: 223 daAuts
